 Dungeon Crawl Stone Soup version 0.24-a0-355-gbe4061de67 (webtiles) character file.

Game seed: 16532820470605511092

6148 Lanoc the Cleaver (level 11, 0/84 HPs)
             Began as a Formicid Fighter on May 24, 2019.
             Was a Priest of Cheibriados.
             Killed from afar by an efreet (22 damage)
             ... with a fireball
             ... on level 10 of the Dungeon.
             The game lasted 00:12:00 (7185 turns).

Lanoc the Cleaver (Formicid Fighter)                Turns: 7185, Time: 00:12:00

Health: 0/84       AC: 15    Str: 29    XL:     11   Next: 13%
Magic:  15/15      EV: 14    Int: 16    God:    Cheibriados [***...]
Gold:   435        SH: 13    Dex: 23    Spells: 10/10 levels left

rFire    . . .     SeeInvis +   l - +5 battleaxe
rCold    . . .     Gourm    .   c - +0 shield
rNeg     . . .     Faith    +   B - +0 plate armour
rPois    .         Spirit   .   (helmet unavailable)
rElec    .         Reflect  .   (no cloak)
rCorr    .         Harm     .   o - +1 pair of gloves
MR       +....                  (no boots)
Stlth    ..........             x - amulet of faith
HPRegen  0.24/turn              s - +2 ring of evasion
MPRegen  0.14/turn              u - +2 ring of dexterity

@: very slow
A: permanent stasis, dig shafts and tunnels, four strong arms, antennae 3
a: Dig, Shaft Self, Bend Time, Temporal Distortion, Renounce Religion


You were on level 10 of the Dungeon.
You worshipped Cheibriados.
Cheibriados was most pleased with you.
You were hungry.

You visited 2 branches of the dungeon, and saw 11 of its levels.

You collected 435 gold pieces.

Inventory:

Hand Weapons
 l - a +5 battleaxe (weapon)
Missiles
 v - 10 curare-tipped darts (quivered)
Armour
 c - a +0 shield (worn)
 o - a +1 pair of gloves (worn)
 B - a +0 plate armour (worn)
Jewellery
 a - a +5 amulet of reflection {unknown}
 s - a +2 ring of evasion (left hand)
 u - a +2 ring of dexterity (right hand)
 x - an amulet of faith (around neck)
Wands
 e - a wand of disintegration (16)
 i - a wand of acid (7)
 k - a wand of flame (22)
Scrolls
 m - 2 scrolls of magic mapping
 r - 5 scrolls of remove curse
 t - 6 scrolls of amnesia
 y - 2 scrolls of enchant armour
 z - 3 scrolls of identify
Potions
 b - 2 potions of invisibility {unknown}
 d - a potion of resistance {unknown}
 g - 2 potions of agility
 h - 3 potions of brilliance {unknown}
 j - 3 potions of curing
 n - 3 potions of flight
 p - 3 potions of mutation
 q - a potion of ambrosia {unknown}
 w - 3 potions of lignification
Comestibles
 f - 20 rations


   Skills:
 + Level 7.6 Fighting
 * Level 9.1 Axes
 + Level 7.5 Armour
 + Level 5.6 Dodging
 + Level 8.5 Shields
 + Level 5.5 Invocations


You had 10 spell levels left.
You didn't know any spells.
Your spell library was empty.

Dungeon Overview and Level Annotations

Branches:
Dungeon (10/15)            Temple (1/1) D:5            Lair (0/6) D:9
    Orc (0/2) D:9

Altars:
Ashenzari
Cheibriados
Dithmenos
Elyvilon
Fedhas
Gozag
Hepliaklqana
Kikubaaqudgha
Makhleb
Nemelex Xobeh
Okawaru
Qazlal
Ru
Trog
Vehumet
Wu Jian
Xom
Yredelemnul
Zin


Innate Abilities, Weirdness & Mutations

You cannot be hasted, slowed, berserked, paralysed or teleported.
You can dig through walls and to a lower floor.
Your four strong arms can wield two-handed weapons with a shield.
You have a pair of large antennae on your head. (SInv)


Message History

The efreet burns you.
You barely miss the efreet.
The efreet is heavily wounded.
A centaur comes into view.
The efreet hits you with a +2 scimitar of flaming.
The efreet burns you.
You slash the efreet!
The efreet is almost dead.
The centaur wields a +0 shortbow.
The centaur shoots an arrow.
You block the arrow.
The centaur shoots an arrow.
You block the arrow. The efreet gestures at you.
The fireball explodes!
The fireball engulfs you!
* * * LOW HITPOINT WARNING * * *
The fireball engulfs the efreet.
The efreet completely resists.
You completely miss the efreet.
The efreet is severely wounded.
The centaur shoots an arrow.
You block the arrow. The efreet gestures at you.
The fireball explodes!
The fireball engulfs you!!
You die...

.### (... .... ...
#.. ##
####..######..#
..........>#..#
.......<##..$.#c..
####......@.......
#..####R.......
.... .........
..##. ##....#.## #
#. #....# # [
.....# ## #....#
......


You could see an efreet and a centaur.

Vanquished Creatures
  Harold (D:8)
  Pikel (D:7)
  Maurice (D:8)
  A hornet (D:8)
  Prince Ribbit (D:8)
  A human (D:9)
  2 hungry ghosts (D:8)
  Menkaure (D:5)
  A warg (D:9)
  A water moccasin (D:6)
  3 orc warriors
  4 sky beasts
  3 slaves (D:7)
  2 ice beasts
  A phantom (D:5)
  2 black bears
  5 ogres
  3 centaurs
  A big kobold (D:7)
  4 bullfrogs
  A wyvern skeleton (D:7)
  3 wights (D:8)
  4 howler monkeys
  3 crimson imps
  A bullfrog zombie (D:7)
  2 jellies
  2 hounds
  Crazy Yiuf (D:7)
  4 orc priests
  A bullfrog skeleton (D:8)
  4 iguanas
  5 orc wizards
  A statue (D:7)
  3 worker ants
  A hound zombie (D:6)
  A hound skeleton (D:5)
  6 gnolls
  12 adders
  A shadow imp (D:5)
  An ooze (D:2)
  2 adder zombies (D:6)
  4 worms
  4 dart slugs
  5 leopard geckos
  33 orcs
  A ball python (D:1)
  4 bats
  4 giant cockroaches
  2 goblins (D:2)
  6 hobgoblins
  11 jackals
  5 kobolds
  7 quokkas
  4 frilled lizards
  7 rats
195 creatures vanquished.

Vanquished Creatures (others)
  A kobold (D:7)
1 creature vanquished.

Grand Total: 196 creatures vanquished

Notes
Turn   | Place    | Note
-------+----------+-------------------------------------------
     0 | D:1      | Lanoc the Formicid Fighter began the quest for the Orb.
     0 | D:1      | Reached XP level 1. HP: 18/18 MP: 1/1
    46 | D:1      | Reached XP level 2. HP: 12/24 MP: 2/2
   276 | D:1      | Reached XP level 3. HP: 21/29 MP: 3/3
   391 | D:2      | Reached skill level 1 in Dodging
   674 | D:2      | Reached XP level 4. HP: 19/36 MP: 4/4
   912 | D:2      | Reached skill level 3 in Axes
  1082 | D:2      | Reached XP level 5. HP: 36/42 MP: 5/5
  1340 | D:3      | Reached XP level 6. HP: 29/48 MP: 6/6
  1682 | D:3      | Found a bloodstained altar of Trog.
  1871 | D:4      | Found a sacrificial altar of Ru.
  1985 | D:4      | Reached skill level 4 in Axes
  2266 | D:4      | Noticed an ogre
  2279 | D:4      | Killed an ogre
  2279 | D:4      | Reached XP level 7. HP: 18/55 MP: 7/7
  2697 | D:4      | Found a sparkling altar of Nemelex Xobeh.
  2817 | D:5      | Entered Level 5 of the Dungeon
  2902 | D:5      | Noticed Menkaure
  2909 | D:5      | Killed Menkaure
  2909 | D:5      | Reached skill level 5 in Shields
  2970 | D:5      | Reached skill level 5 in Axes
  2970 | D:5      | Reached XP level 8. HP: 26/61 MP: 8/8
  3157 | D:5      | Reached skill level 5 in Fighting
  3157 | D:5      | Reached skill level 5 in Armour
  3418 | D:5      | Found a staircase to the Ecumenical Temple.
  3434 | Temple   | Entered the Ecumenical Temple
  3492 | Temple   | Became a worshipper of Cheibriados the Contemplative
  4015 | D:6      | Reached skill level 6 in Axes
  4015 | D:6      | Reached skill level 1 in Invocations
  4184 | D:6      | Reached XP level 9. HP: 66/68 MP: 10/10
  4482 | D:6      | Found a shimmering altar of Xom.
  4637 | D:6      | Reached * piety under Cheibriados
  4738 | D:7      | Noticed Pikel
  4755 | D:7      | Killed Pikel
  4755 | D:7      | Reached skill level 7 in Axes
  5200 | D:7      | Reached XP level 10. HP: 71/77 MP: 12/12
  5357 | D:7      | Reached ** piety under Cheibriados
  5376 | D:7      | Found a radiant altar of Vehumet.
  5570 | D:7      | Found a runed translucent door.
  5571 | D:7      | Noticed Crazy Yiuf
  5752 | D:7      | Killed Crazy Yiuf
  5832 | D:8      | Noticed Harold
  5857 | D:8      | Killed Harold
  5857 | D:8      | Reached skill level 8 in Axes
  5857 | D:8      | Reached skill level 5 in Dodging
  6135 | D:8      | Noticed Prince Ribbit
  6141 | D:8      | Killed Prince Ribbit
  6382 | D:8      | Noticed Maurice
  6397 | D:8      | Killed Maurice
  6397 | D:8      | Reached skill level 5 in Invocations
  6577 | D:9      | Reached *** piety under Cheibriados
  6583 | D:9      | Reached XP level 11. HP: 84/84 MP: 14/14
  6585 | D:9      | Reached skill level 9 in Axes
  6621 | D:9      | Found a staircase to the Orcish Mines.
  6992 | D:9      | Found a stormy altar of Qazlal.
  7118 | D:9      | Found a blossoming altar of Fedhas.
  7151 | D:9      | Found a staircase to the Lair.
  7177 | D:10     | Entered Level 10 of the Dungeon
  7185 | D:10     | Killed from afar by an efreet

Levels and vault maps discovered:
D:1:      onia_arrival_pentagram, layout_loops_ring
D:2:      layout_rooms, nicolae_overflow_crystal_walls,
          grunt_temple_overflow_open, first_ration,
          chequers_hall_statues_corner_a, minmay_joined_circles
D:3:      layout_basic, bloody_trog, st_stairs_8
D:4:      layout_layer_cave, nicolae_ru_the_path_less_chosen,
          nemelex_diamond_rough_becter
D:5:      layout_basic, minmay_temple_entry_fiery, serial_curves,
          eino_curves_02, eino_curves_03, eino_curves_02, uniq_menkaure
D:6:      layout_basic, overflow_temple_1_default
D:7:      layout_cave_pools, vehumet_statue, uniq_crazy_yiuf_cottage, uniq_pikel
D:8:      layout_rooms, grunt_ogre_cave, uniq_prince_ribbit1, uniq_harold,
          uniq_maurice
D:9:      layout_irregular_city, grunt_qazlal_clouds, fedhas_altar_4,
          lair_entry_dummy, erik_orc_4
D:10:     layout_basic
Temple:   nicolae_temple_god_jail

Skill      XL: |  1  2  3  4  5  6  7  8  9 10 11 |
---------------+----------------------------------+-----
Dodging        | 1 2 3 4 5 |  5.6
Shields        | 4 5 6 7 8 |  8.5
Axes           | 3 4 5 6 7 8 9 |  9.1
Fighting       | 4 5 6 7 |  7.6
Armour         | 4 5 6 7 |  7.5
Invocations    | 1 3 5 |  5.5

Action                   |  1- 3 |  4- 6 |  7- 9 | 10-12 || total
-------------------------+-------+-------+-------+-------++-------
Melee: War axe           |    92 |   156 |   259 |    98 ||   605
       Battleaxe         |       |       |       |    98 ||    98
Throw: Dart              |       |       |     1 |       ||     1
  Use: Scroll            |       |       |    18 |     3 ||    21
       Potion            |       |       |     2 |       ||     2
  Eat: Chunk             |       |     5 |     6 |     5 ||    16
       Ration            |       |       |     1 |       ||     1
Armor: Scale mail        |    68 |    51 |    92 |    37 ||   248
       Plate armour      |       |       |       |     4 ||     4
Dodge: Dodged            |    31 |    73 |   129 |   128 ||   361
Block: Shield            |    52 |    85 |   169 |   122 ||   428

Table legend:
 A = Non-vault XP
 B = Vault XP
 C = Vault XP percentage of total XP
 D = Non-vault monster count
 E = Vault monster count
 F = Vault count percentage of total count
                 A         B        C        D         E       F
            +---------+---------+-------+---------+---------+-------
      Total |    5298 |    3486 |  39.7 |     157 |      35 |  18.2
            +---------+---------+-------+---------+---------+-------
        D:1 |      39 |       0 |   0.0 |      17 |       0 |   0.0
        D:2 |      76 |      63 |  45.3 |      18 |      11 |  37.9
        D:3 |     156 |       3 |   1.9 |      15 |       1 |   6.2
        D:4 |     235 |       0 |   0.0 |      11 |       0 |   0.0
        D:5 |     811 |     169 |  17.2 |      14 |       1 |   6.7
        D:6 |     985 |       0 |   0.0 |      23 |       0 |   0.0
        D:7 |    1036 |     702 |  40.4 |      23 |       3 |  11.5
        D:8 |    1295 |    1871 |  59.1 |      21 |       4 |  16.0
        D:9 |     665 |     678 |  50.5 |      15 |      15 |  50.0
            +---------+---------+-------+---------+---------+-------
